← All builds
Tech / Armada / Economy first / OBSERVED BUILD

Standard tech

Armada Tech (Eco) build order · Supreme Isthmus

Rushes T2 by 4:15, gets Advanced Metal Extractor around 5:28, hands off T2 constructors to Geo and the team, then scales eco and supplies the team's T2 needs through the rest of the game.

Usually first T2 con to Geo (83%)

#eco #t2 #team support · 1574 distinct matches · 255 players · 58% of Armada Tech games · team won 53% of 1868 · Recently observed

HOW TO PLAY IT

Key timing: T2 factory by 4:15

  1. Open 3 mex and heavy wind to fund a fast T2 rush.
  2. Put down Bot Lab, planning to eat it for reclaim soon after.
  3. Get Advanced Bot Lab up, hitting the T2 factory rush timing.
  4. Upgrade mex to Advanced Metal Extractor to lock in team metal income.
  5. Eat Advanced Bot Lab and keep sending cons to Geo and Pond.

Phase by phase

TYPICAL OF ITS 1574 GAMES
  1. 1
  2. 2
  3. 3
  4. 4
PLAY THE OPENING

Follow the example game's first 6:00 step by step: what to build now, what comes next, and where it goes. At 1× it keeps pace with your own game.

  1. 1

    Up to the Bot Lab

    Economy
    • Metal Extractor3Mex
    • Wind Turbine4Wind
    Order
    1. Bot LabBot Lab after 3 mex, 4 winddone ~1:18, middle half 1:13–1:32

    Some games also: energy storage (31%)

    By 1:01 in all: 3 mex · 4 wind

    The example game in this phase · 4 steps
    1. Mex ×3
    2. Wind ×6
    3. Energy storage
    4. Bot LabBot Labdone 1:46 · typical 1:18
  2. 2

    Bot Lab to Advanced Bot Lab

    Economy
    • Metal Extractor1Mex
    • Wind Turbine8Wind
    • Energy Storage1Energy storage
    Order
    1. Advanced Bot LabAdvanced Bot Lab after 4 mex, 12 wind, 3 con turretdone ~4:16, middle half 4:04–4:30
    Builders
    • Construction Turret3 Con turret
    • Lazarus3 Lazarus
    • Construction Bot2 Con bot
    • Construction Bot1 Con bot for allies

    Some games also: converter (36%)

    By 3:18 in all: 4 mex · 12 wind · 1 energy storage · 3 con turret

    The example game in this phase · 15 steps
    1. LazarusLazarus ×2
    2. Construction BotCon bot
    3. LazarusLazarus
    4. Construction BotCon botfor Air
    5. LazarusLazarus
    6. Construction BotCon bot
    7. Mex
    8. Con turret ×3
    9. Converter
    10. Wind
    11. Converter ×2
    12. Wind ×11
    13. Converter
    14. Bot LabEat Bot Labreclaimed for its metal
    15. Advanced Bot LabAdvanced Bot Labdone 5:00 · typical 4:16
  3. 3

    Advanced Bot Lab to 5:00

    Economy
    • Wind Turbine3Wind
    Order
    1. Bot LabEat Bot Lab
    Builders
    • Advanced Construction Bot1 T2 con bot for allies

    Some games also: converter (35%)

    By 5:00 in all: 4 mex · 15 wind · 1 converter · 1 energy storage · 3 con turret

    The example game in this phase · 1 step
    1. Converter ×2
  4. 4

    5:00 to 10:00

    Economy
    • Wind Turbine43Wind
    • Energy Converter6Converter
    Builders
    • Butler9 Butler
    • Advanced Construction Bot4 T2 con bot for allies
    • Advanced Construction Bot1 T2 con bot

    Some games also: con turret (43%) · Butler for allies (37%)

    By 10:00 in all: 4 mex · 58 wind · 8 converter · 1 energy storage · 3 con turret

    The example game in this phase · 155 steps
    1. Advanced Construction BotT2 con botfor Geo
    2. Converter
    3. Advanced Metal ExtractorT2 mexdone 5:46 · typical 5:29
    4. Converter
    5. Advanced Construction BotT2 con botfor Air
    6. Advanced Metal ExtractorT2 mex ×2
    7. Advanced Construction BotT2 con botfor Geo sea
    8. Wind ×4
    9. Con turret
    10. Wind
    11. Con turret
    12. Advanced Construction BotT2 con botfor Pond
    13. Advanced Metal ExtractorT2 mex
    14. Wind
    15. Advanced Construction BotT2 con botfor Suicide front
    16. Con turret
    17. Advanced Construction BotT2 con bot ×2for Beach sea
    18. Advanced Construction BotT2 con bot
    19. ButlerButler ×5
    20. Wind
    21. ButlerButler ×2
    22. Wind ×2
    23. ButlerButler
    24. Wind ×4
    25. ButlerButler
    26. Wind ×2
    27. ButlerButler
    28. Wind ×3
    29. GunslingerGunslingerfor Geo seadone 10:09
    30. Wind ×10
    31. ButlerButler
    32. Wind ×5
    33. ButlerButler
    34. Wind ×5
    35. ButlerButler
    36. Wind ×4
    37. ButlerButler
    38. Wind ×2
    39. T2 converter
    40. Wind ×3
    41. ButlerButler
    42. Wind
    43. Converter
    44. Wind ×6
    45. Converter
    46. Wind ×6
    47. Con turret
    48. Wind
    49. Converter
    50. Wind ×6
    51. Converter
    52. UmbrellaAnti-nukedone 12:30
    53. Wind ×4
    54. Converter
    55. Wind ×3
    56. Converter
    57. Wind ×2
    58. Converter
    59. Wind ×4
    60. Converter
    61. Wind
    62. Converter
    63. Wind ×5
    64. Converter
    65. Wind ×5
    66. Converter
    67. Wind ×4
    68. Converter
    69. Wind ×4
    70. Converter
    71. Wind ×3
    72. Converter
    73. Wind ×3
    74. Converter
    75. Wind
    76. Converter
    77. Wind ×5
    78. Converter
    79. Wind ×3
    80. Converter
    81. SprinterSprinter
    82. Converter
    83. Wind ×5
    84. SprinterSprinter
    85. Converter
    86. Wind
    87. TracerTracer
    88. Wind ×2
    89. Converter
    90. Wind
    91. SprinterSprinter
    92. Converter ×2
    93. Wind ×6
    94. Converter
    95. Wind
    96. Converter
    97. Wind ×4
    98. Converter
    99. Wind ×3
    100. Con turret
    101. Metal storage
    102. Converter
    103. Wind ×4
    104. Converter
    105. Wind ×3
    106. Converter
    107. Con turret
    108. Energy storage
    109. Wind ×3
    110. Converter
    111. Wind ×5
    112. Converter
    113. Con turret
    114. Wind
    115. Converter
    116. Wind
    117. ArchangelArchangelnot finished by 15:00
    118. Con turret
    119. Wind ×3
    120. Converter
    121. Wind ×4
    122. Converter
    123. T2 converter
    124. Wind
    125. Converter
    126. Wind ×7
    127. Converter
    128. Wind ×3
    129. Converter
    130. Wind ×5
    131. Converter
    132. Wind ×3
    133. Aircraft PlantAircraft Plantdone 14:28
    134. Wind ×3
    135. Converter
    136. Wind ×3
    137. Construction AircraftCon aircraft
    138. Converter
    139. Wind ×5
    140. Converter
    141. Wind ×3
    142. Advanced Bot LabEat Advanced Bot Labreclaimed for its metal
    143. Advanced Aircraft PlantAdvanced Aircraft Plantdone 14:58
    144. Wind ×2
    145. Converter
    146. Wind ×4
    147. Converter
    148. Wind ×4
    149. Aircraft PlantEat Aircraft Plantreclaimed for its metal
    150. Wind ×2
    151. Converter
    152. Wind ×4
    153. Converter
    154. Wind ×3
    155. Advanced Construction AircraftT2 con aircraft

Counts are medians over the build's games: half of them build more, half fewer. The example game is [Grump]Pickul's (33 OS, 07/08/2026); pick another.

Team trades

IN AT LEAST 30% OF ITS GAMES

You hand over

  • Construction Bot1 Con bot to Airfirst at 2:24 · in 84% of games
  • Advanced Construction Bot5 T2 con bot to Air or Geo sea or Pondfirst at 4:50 · in 99% of games
  • Butler2 Butler to Geo sea or Beach sea or Pondfirst at 9:07 · in 42% of games

You get

  • Hercules1 Light transport from Airfirst at 4:01 · in 86% of games

How it plays out

Typical game of this build, running totals by minute

Metal produced

020k40k
0:005:0010:0015:00

metal

Enemy metal destroyed

050100
0:005:0010:0015:00

metal

Own metal lost

050100150
0:005:0010:0015:00

metal

1868 games.

Show as table
ByMetal produced: This buildEnemy metal destroyed: This buildOwn metal lost: This build
1:0038300
2:0091500
3:00165100
4:00314300
5:00484800
6:00580000
7:00722700
8:00906100
9:001116900
10:001350200
11:001623900
12:001965200
13:002344100
14:0027357074
15:003153885130
WHAT THE NUMBERS SAY

Standard Tech play barely fights at all early, instead pouring metal into T2 infrastructure and constructors for the team.

  • + Metal produced hits 31679 by 15:00, by far the highest of any role here.
  • + T2 factory reached in 97% of games by 4:15, fastest and most reliable T2 timing.
  • − Enemy metal destroyed stays at 0 through 10:00, no early offense at all.
  • − Own metal lost also near 0, showing total avoidance of combat risk.
THE EXAMPLE YOU ARE READING

[Grump]Pickul

33.1 OS · 07/08/2026

Open source match ↗

1 received units
732 metal received · 104829 energy received

Allied construction assistance is unknown. Timings are observations, not a promise of solo reproducibility.

Typical milestones

Bot Lab1:18Middle 50%: 1:13–1:32 · n=1868
Advanced Bot Lab4:16Middle 50%: 4:04–4:30 · n=1861
Advanced Metal Extractor5:29Middle 50%: 5:06–5:59 · n=1864

Played most by

Amrissa93games of this buildTheGeneraI66games of this buildAdeus57games of this buildEl_Turco56games of this buildKOT_43games of this build